AoeStats
← Pooh1818

MegaRandom

505515868Analyzed
4v4 RM · 24d ago on Sep 9, 2026· 47m 53s· 8 players
Game mode
Random Map
Map size
Large (8 player)
Population
200
Speed
Normal
Resources
Standard
Victory
Conquest
Starting age
Dark Age
Ending age
Imperial Age
RankedLock teamsTeams togetherTeam positionsShared explorationLock speedFull tech treeHidden civsTurbo modeCheats
Victory
Defeat
🇩🇪 Cumans · Germany
1120
+15
🇬🇷 Persians · Greece
1094
+16
🇨🇿 Spanish · Czechia
1075
+16
🇷🇺 Byzantines · Russia
1074
+17
🇹🇷 Mongols · Türkiye
1174
-20
🇧🇷 Saracens · Brazil
1112
-17
🇹🇷 Ethiopians · Türkiye
1036
-14
🇦🇷 Franks · Argentina
1026
-13
moregadženo
11:29 Loom
14:14 Feudal Age
18:34 Castle Age
17:29 Double-Bit Axe
20:48 Horse Collar
23:04 Wheelbarrow
25:10 Bow Saw
25:22 Heavy Plow
27:17 Stone Mining
28:42 Forging
28:14 Elite Skirmisher
29:34 Hand Cart
29:17 Gold Mining
29:43 Town Watch
30:12 Husbandry
35:03 Imperial Age
33:26 Ballistics
33:22 Fletching
33:32 Padded Archer Armor
33:42 Thumb Ring
35:38 Town Patrol
35:35 Bodkin Arrow
35:56 Leather Archer Armor
37:47 Chemistry
37:27 Bracer
37:58 Ring Archer Armor
38:36 Conscription
37:38 Elite Conquistador
39:29 Stone Shaft Mining
38:47 Cavalier
42:05 Hoardings
41:01 Sappers
41:41 Caravan
43:05 Bloodlines
45:08 Iron Casting
44:39 Scale Barding Armor
44:59 Light Cavalry
47:16 Chain Barding Armor
47:57 Blast Furnace
47:11 Hussar
49:08 Plate Barding Armor
theotherside
3:58 Loom
15:29 Feudal Age
16:01 Double-Bit Axe
17:57 Horse Collar
22:10 Castle Age
20:45 Bloodlines
22:48 Wheelbarrow
22:40 Scale Barding Armor
23:04 Bow Saw
24:45 Fletching
28:11 Bodkin Arrow
30:28 Ballistics
32:23 Heavy Plow
33:22 Chain Barding Armor
34:07 Hand Cart
37:29 Imperial Age
37:14 Forging
37:36 Steppe Husbandry
38:09 Town Watch
39:52 Elite Steppe Lancer
42:07 Gold Mining
47:54 Guilds
rudalex2006
4:03 Loom
12:54 Feudal Age
15:40 Horse Collar
15:50 Double-Bit Axe
24:01 Castle Age
25:15 Elite Skirmisher
26:40 Thumb Ring
27:14 Padded Archer Armor
29:34 Bow Saw
33:54 Wheelbarrow
34:13 Ballistics
36:04 Heavy Plow
37:24 Caravan
38:57 Fletching
39:44 Bodkin Arrow
41:40 Pikeman
43:25 Squires
43:14 Gambesons
44:35 Arson
45:46 Forging
45:38 Scale Mail Armor
47:42 Chain Mail Armor
48:03 Iron Casting
Sp@wn
12:57 Feudal Age
17:39 Castle Age
15:54 Double-Bit Axe
16:43 Horse Collar
17:33 Bloodlines
17:17 Gold Mining
21:38 Loom
24:50 Fletching
25:06 Town Watch
30:26 Wheelbarrow
39:01 Imperial Age
36:52 Husbandry
37:17 Pikeman
37:58 Squires
38:05 Scale Barding Armor
38:10 Forging
38:25 Stone Mining
39:42 Conscription
38:56 Cavalier
39:37 Scale Mail Armor
40:13 Iron Casting
43:43 Chain Mail Armor
43:44 Halberdier
44:55 Light Cavalry
Renannve
10:10 Loom
14:17 Feudal Age
18:33 Castle Age
18:28 Double-Bit Axe
18:35 Gold Mining
23:22 Crossbowman
28:11 Bow Saw
27:59 Horse Collar
29:13 Forging
31:04 Wheelbarrow
31:26 Husbandry
31:33 Scale Barding Armor
34:19 Stone Mining
36:09 Iron Casting
41:37 Imperial Age
40:26 Heavy Plow
40:47 Chain Barding Armor
40:29 Treadmill Crane
42:15 Gold Shaft Mining
41:51 Caravan
42:19 Hand Cart
43:41 Chemistry
43:11 Bloodlines
47:12 Two-Man Saw
46:14 Light Cavalry
46:37 Heavy Camel Rider
e4gl3
6:39 Loom
17:10 Feudal Age
17:53 Double-Bit Axe
18:01 Gold Mining
18:51 Horse Collar
22:35 Castle Age
21:10 Fletching
21:20 Padded Archer Armor
22:02 Stone Mining
23:49 Heavy Plow
24:27 Gold Shaft Mining
25:08 Bow Saw
29:15 Crossbowman
30:00 Thumb Ring
30:59 Arson
31:15 Squires
38:00 Scale Mail Armor
38:10 Forging
40:53 Imperial Age
38:12 Town Watch
40:01 Wheelbarrow
38:57 Elite Skirmisher
Pooh1818
9:37 Loom
11:48 Feudal Age
15:26 Castle Age
14:53 Gold Mining
14:59 Stone Mining
15:16 Double-Bit Axe
16:18 Fletching
16:44 Bow Saw
18:26 Fletching
21:58 Horse Collar
24:10 Bodkin Arrow
24:34 Husbandry
27:13 Bloodlines
27:58 Padded Archer Armor
28:26 Ballistics
28:54 Wheelbarrow
33:48 Gold Shaft Mining
34:01 Hand Cart
33:58 Caravan
33:52 Town Watch
34:10 Heavy Plow
36:46 Stone Shaft Mining
37:05 Leather Archer Armor
39:17 Fortified Wall
41:23 Pikeman
44:34 Squires
44:43 Light Cavalry
KZA
3:07 Loom
13:46 Feudal Age
15:53 Double-Bit Axe
18:21 Castle Age
17:45 Scale Barding Armor
17:50 Forging
30:33 Caravan
37:37 Imperial Age
35:47 Wheelbarrow
35:49 Iron Casting
36:06 Husbandry
38:18 Chain Barding Armor
38:31 Cavalier
42:51 Plate Barding Armor
42:06 Fletching
Connection lost

Rejoining the realm…

Still unreachable

The connection could not be restored.

Session expired

The server has moved on; the page needs a fresh start.